 Dungeon Crawl Stone Soup version 0.29.1-15-g9cfb28693d (webtiles) character file.

Game seed: 6499670165606661580

105 leafyfresh the Sneak (level 4, -1/33 HPs)
             Began as an Octopode Delver on Mar 4, 2023.
             Slain by an orc wizard
             ... wielding a +0 dagger
              (4 damage)
             ... on level 4 of the Dungeon.
             The game lasted 00:02:48 (550 turns).

leafyfresh the Sneak (Octopode Delver)               Turns: 550, Time: 00:02:48

Health: -1/33      AC:  1    Str: 11    XL:     4   Next: 83%
Magic:  4/4        EV: 14    Int: 14    God:
Gold:   20         SH:  0    Dex: 13    Spells: 3/3 levels left

rFire   . . .      SeeInvis .   a - +0 short sword
rCold   . . .      Faith    .   (no shield)
rNeg    . . .      Spirit   .   (helmet restricted)
rPois   .          Reflect  .   (no amulet)
rElec   .          Harm     .   (no ring)
rCorr   .          Rampage  .   (no ring)
Will    .....                   (no ring)
Stlth   +++++.....              (no ring)
HPRegen 0.11/turn               (no ring)
MPRegen 0.09/turn               (no ring)
                                (no ring)
                                (no ring)

@: no status effects
A: almost no armour, amphibious, 8 rings, camouflage 1, gelatinous body 1,
(nimble swimmer 1), tentacles
a: no special abilities


You were on level 4 of the Dungeon.
You visited 2 branches of the dungeon, and saw 3 of its levels.

You collected 20 gold pieces.

Inventory:

Hand Weapons
 a - a +0 short sword (weapon)
Missiles
 g - 2 atropa-tipped darts (quivered)
Jewellery
 i - a ring of protection from cold
Wands
 f - a wand of digging (3)
 h - a wand of quicksilver (9)
Scrolls
 b - a scroll of fog
 c - 2 scrolls of magic mapping
 d - a scroll of fear
Potions
 e - a potion of haste


   Skills:
 + Level 3.9 Fighting
 - Level 2.0 Short Blades
 + Level 3.2 Dodging
 + Level 7.6 Stealth


You had 3 spell levels left.
You didn't know any spells.
Your spell library contained the following spells:

 Spells                   Type           Power      Damage    Failure   Level
 Cause Fear               Hex            0%         N/A       96%         4
 Dragon Form              Tmut           0%         N/A       100%        7
 Dragon's Call            Summ           0%         N/A       100%        9


Dungeon Overview and Level Annotations

Branches:
Dungeon (5/15)             Temple (1/1) D:4

Altars:
Cheibriados
Dithmenos
Elyvilon
Gozag
Hepliaklqana
Nemelex Xobeh
Qazlal
Sif Muna
Trog
Wu Jian
Zin


Innate Abilities, Weirdness & Mutations

You cannot wear most types of armour.
You are amphibious.
You can wear up to eight rings at the same time.
Your skin changes colour to match your surroundings (Stealth+).
Your rubbery body absorbs attacks. (AC +1, EV +1)
((You are camouflaged when in or above water. (Stealth+)))
You have tentacles for arms and can constrict up to eight enemies at once.


Message History

Unknown command.
The orc misses you.
You closely miss the orc. You grab the orc. You squeeze the orc!
You kill the orc!
An orc comes into view. It is wielding a +0 falchion.
Something hits you.
Things that are here:
a +0 club; an orc corpse The orc shouts!
You hit something but do no damage. You tentacle-slap something.
You hear a shout!
Something hits you.
You closely miss something. You tentacle-slap something.
Your squeeze misses something. Something hits you.
You miss something. Your squeeze misses something. Something barely misses you.
You closely miss something. Something hits you.
You hit something but do no damage. Something barely misses you.
You miss something. Something barely misses you.
You hit something. Something hits you.
You barely miss something. Your squeeze misses something. Something hits you.
You hit something.
You hear some strange, mumbled words.
Something tries to affect you, but you resist.
You barely miss something. Something hits you.
You hit something.
You hear some strange, mumbled words.
Something tries to affect you, but you resist.
You closely miss something.
You hear some strange, mumbled words.
A magic dart appears from out of thin air!
The magic dart hits you!
* * * LOW HITPOINT WARNING * * *
You hit something.
You hear the brisk hiss of a very distant avalanche of sand.
You hear some strange, mumbled words.
A magic dart appears from out of thin air!
The magic dart hits you.
* * * LOW HITPOINT WARNING * * *
You hit something. Something hits you.
You die...

......... #... .#
#.......# #..##.#
##.....## #.....#
#...## #.....# #+##
#.#.### #.# #.#.####.#
####.# #..oo>...#
.....###########{######
.##.......<.# #@#
#......####.# #.#
##...)## #.# #.#
#.#...#####.####.#
.................#
#####.......###### #
#########


You could see 2 orcs.

Vanquished Creatures
  A scorpion (D:4)
  An iguana (D:4)
  A worm (D:4)
  A dart slug (D:5)
  6 orcs
  A ball python (D:4)
  An endoplasm (D:4)
  2 hobgoblins (D:4)
14 creatures vanquished.

Notes
Turn   | Place    | Note
-------+----------+-------------------------------------------
     0 | D:5      | leafyfresh the Octopode Delver began the quest for the Orb.
     0 | D:5      | Reached XP level 1. HP: 16/16 MP: 1/1
    11 | D:5      | Found a hazy altar of Hepliaklqana.
   137 | D:5      | Noticed an ogre
   138 | D:5      | Noticed a hound
   207 | D:5      | Reached XP level 2. HP: 20/21 MP: 2/2
   233 | D:5      | Noticed a scorpion
   284 | D:4      | Reached skill level 7 in Stealth
   284 | D:4      | Reached XP level 3. HP: 26/26 MP: 3/3
   328 | D:4      | Found a staircase to the Ecumenical Temple.
   329 | D:4      | Noticed a scorpion
   339 | D:4      | Killed a scorpion
   340 | D:4      | Reached XP level 4. HP: 33/33 MP: 4/4
   344 | Temple   | Entered the Ecumenical Temple
   550 | D:4      | Slain by an orc wizard

Illustrated notes

Levels and vault maps discovered:
D:4:      layout_loops_corners, nicolae_ru_great_annihilating_truth,
          minmay_temple_entry_statues_fountains, gup_ossuary_entry_pyramid,
          nicolae_specific_store, minmay_misc_feat_nine_boxes,
          small_statue_intersection, chequers_avenue
D:5:      layout_cave_pools, general_overflow_altar,
          mainiacjoe_overflow_24_doors, dk_yredelemnul_ordeal,
          biasface_ghost_orc_armoury, minmay_misc_feat_plants
Temple:   nicolae_temple_two_arcs

Skill      XL: |  1  2  3 |
---------------+----------+-----
Stealth        | 7 |  7.6
Dodging        | 3 |  3.2
Fighting       | |  3.9
Short Blades   | |  2.0

Action                   |  1- 3 |  4- 6 || total
-------------------------+-------+-------++-------
Melee: Short sword       |    25 |    17 ||    42
       Constrict         |     8 |     2 ||    10
       Tentacles         |     6 |     2 ||     8
       Punch             |       |     2 ||     2
Throw: Dart              |     1 |       ||     1
 Stab: Sleeping          |     4 |     1 ||     5
       Invisible         |     1 |       ||     1
Dodge: Dodged            |    12 |     6 ||    18
